 Dungeon Crawl Stone Soup version 0.20-a0-853-gabbfcfc (webtiles) character file.

27377 M4edhros the Spear-Bearer (level 13, -4/89 HPs)
             Began as an Octopode Artificer on Mar 11, 2017.
             Was a High Priest of Fedhas.
             Killed from afar by a lava snake (17 damage)
             ... with a glob of lava
             ... in a volcano.
             The game lasted 00:32:52 (18350 turns).

M4edhros the Spear-Bearer (Octopode Artificer)     Turns: 18350, Time: 00:32:53

Health: -4/89      AC:  1    Str: 18    XL:     13   Next: 32%
Magic:  21/21      EV: 21    Int: 15    God:    Fedhas [*****.]
Gold:   807        SH: 12    Dex: 17    Spells: 12/12 levels left

rFire    + + .     SeeInvis .   m - +6 spear of the Equator {venom, MR+ Str+2}
rCold    x . .     Gourm    +   V - +2 shield
rNeg     . . .     Faith    .   (helmet restricted)
rPois    +         Spirit   .   E - amulet of the gourmand
rElec    .         Reflect  .   g - ring of protection from fire
rCorr    .         Harm     .   X - +2 ring of evasion
MR       +....     Clarity  +   F - ring of poison resistance
Stlth    ++++++....             o - ring of fire
Regen    0.3/turn               Z - +2 ring of evasion
MPRegen  0.2/turn               (no ring)
                                (no ring)
                                (no ring)

@: no status effects
A: almost no armour, stealthy swim, amphibious, 8 rings, constrict 8, camouflage
1, clarity, clever 1, strong 2, gelatinous body 1, no potion heal 1
a: Fungal Bloom, Evolution, Sunlight, Growth, Reproduction, Rain, Renounce
Religion


You were in a volcano.
You worshipped Fedhas.
Fedhas was extremely pleased with you.
You were not hungry.

You visited 3 branches of the dungeon, and saw 16 of its levels.
You also visited: Bailey and Volcano.

You collected 907 gold pieces.
You spent 100 gold pieces at shops.

Inventory:

Hand Weapons
 m - the +6 spear of the Equator (weapon) {venom, MR+ Str+2}
   (You found it on level 4 of the Dungeon)

   It poisons the flesh of those it strikes.
   It affects your strength (+2).
   It affects your resistance to hostile enchantments.
 T - a +0 hunting sling
Missiles
 v - 466 stones (quivered)
 w - 84 sling bullets
 B - 55 tomahawks of returning
Armour
 V - a +2 shield (worn)
Jewellery
 c - an uncursed ring of stealth {unknown}
 e - a cursed ring of resist corrosion {unknown}
 g - a ring of protection from fire (left tentacle)
 l - an uncursed amulet of harm
 o - a ring of fire (on tentacle)
 E - an amulet of the gourmand (around mantle)
 F - a ring of poison resistance (on tentacle)
 X - a +2 ring of evasion (right tentacle)
 Z - a +2 ring of evasion (on tentacle)
Wands
 a - a wand of confusion (28/48)
 b - a wand of flame (20/48)
 d - a wand of random effects (5/48)
 t - a wand of flame (26/48)
 G - a wand of confusion (21/48)
 I - a wand of confusion (39/48)
 L - a wand of lightning (7/15)
 O - a wand of clouds (3/9)
 Q - a wand of lightning (6/15)
Scrolls
 q - 4 scrolls of teleportation
 y - 3 scrolls of enchant weapon
 H - 4 scrolls of blinking
 M - 3 scrolls of recharging
 U - a scroll of fear
Potions
 h - 3 potions of resistance
 i - 3 potions of berserk rage
 k - 3 potions of heal wounds
 x - 7 potions of curing
 z - 4 potions of brilliance
 J - a potion of agility
 N - a potion of lignification {unknown}
 P - a potion of might {unknown}
 W - a potion of degeneration {unknown}
Miscellaneous
 R - a box of beasts
 S - a sack of spiders
Comestibles
 f - 6 royal jellies
 j - 9 fruits
 A - 6 bread rations
 K - 3 meat rations


   Skills:
 + Level 8.6 Fighting
   Level 1.0 Short Blades
 * Level 11.6 Polearms
 + Level 8.4 Dodging
 - Level 11.1 Stealth
 * Level 5.1 Shields
 * Level 11.2 Invocations
 * Level 6.6 Evocations


You had 12 spell levels left.
You didn't know any spells.

Dungeon Overview and Level Annotations

Branches:
Dungeon (14/15)            Temple (1/1) D:5            Lair (0/6) D:11
    Orc (1/2) D:10         Vaults (0/5) D:13

Altars:
Ashenzari
Cheibriados
Dithmenos
Elyvilon
Fedhas
Gozag
Hepliaklqana
Kikubaaqudgha
Makhleb
Nemelex Xobeh
Okawaru
Qazlal
Ru
Sif Muna
Trog
Uskayaw
Vehumet
Wu Jian
Xom
Yredelemnul
Zin
The Shining One

Shops:
D:7 !*   D:9 *

Annotations:
D:13 jotwebe's ghost, journeyman MiGl


Innate Abilities, Weirdness & Mutations

You cannot wear most types of armour.
You are very stealthy in the water. (Stealth+)
You are amphibious.
You can wear up to eight rings at the same time.
You can use your tentacles to constrict eight enemies at once.
Your skin changes colour to match your surroundings (Stealth+).
Your rubbery body absorbs attacks. (AC +1, EV +1)
You possess an exceptional clarity of mind.
Your mind is acute. (Int +2)
Your muscles are very strong. (Str +4)
Potions are less effective at restoring your health.


Message History

Press: ? - help, Dir - move target cursor, f/p - fire bat
Aim: a fire bat (flame, severely wounded, poisoned)
You reach to attack!
You hit the fire bat.
The fire bat looks as sick as possible!
The fire bat is almost dead.
Attack whom?
Press: ? - help, Dir - move target cursor, f/p - fire bat
Aim: a fire bat (almost dead, poisoned)
You closely miss the fire bat. Your grab misses the fire bat.
The fire bat is almost dead.
You kill the fire bat!
The lava snake spits lava at you. The glob of lava misses you.
The lava snake spits lava at you. The glob of lava hits you!
You partially resist.
* * * LOW HITPOINT WARNING * * *
The lava snake spits lava at you. The glob of lava hits you!
You partially resist.
You die...
Fedhas appreciates your contribution to the ecosystem.

## ############# ###.
#@...##.....###...
##.#....##.§..#.#.
.....................
.....................
....................§.
§≈≈≈≈≈≈.§≈SS§≈.≈§§≈≈§§
§≈≈≈≈≈≈≈≈≈§§S§≈§§§§≈§§
≈≈≈≈≈≈§≈§§§§§§§§§§§§≈≈
§§§§≈≈≈≈§§§≈≈≈§≈≈§§§


You could see 3 lava snakes.

Vanquished Creatures
  A hydra (D:11)
  A vault guard (D:13)
  3 centaur warriors
  5 two-headed ogres
  A death knight (D:13)
  2 manticores (D:11)
  3 ugly things
  A cyclops (D:11)
  A gargoyle (D:11)
  A kobold demonologist (D:11)
  A wandering mushroom (D:11)
  A queen bee (D:11)
  5 trolls
  A hornet (D:13)
  Grinder (D:4)
  3 hippogriffs
  2 wraiths
  A vampire (D:11)
  7 yaks
  2 wyverns
  A fire bat (Volcano)
  3 steam dragons
  3 hungry ghosts
  3 vampire mosquitoes (D:13)
  A spatial vortex (D:6)
  A warg (Orc:1)
  A water moccasin (D:9)
  4 black bears
  3 ice beasts
  14 orc warriors
  An ice beast (shapeshifter) (D:13)
  A phantom (D:13)
  5 sky beasts
  7 ogres
  9 centaurs
  A crocodile (D:12)
  4 big kobolds (D:10)
  6 bullfrogs
  4 gnoll sergeants (D:10)
  A wyvern skeleton (D:7)
  3 scorpions
  29 killer bees
  8 wights
  6 electric eels (D:6)
  7 howler monkeys
  3 crimson imps
  3 hounds
  2 jellies
  14 orc wizards
  2 bullfrog skeletons
  9 orc priests
  6 centaur skeletons
  4 iguanas
  12 worker ants
  The ghost of M4edhros the Sneak, a weakling OpAr (D:4)
  3 hound skeletons
  A howler monkey zombie (D:7)
  6 gnolls
  6 adders
  A howler monkey skeleton (D:6)
  3 shadow imps
  5 oozes
  An adder skeleton (D:5)
  2 worms
  4 dart slugs
  4 leopard geckos
  50 orcs
  3 bats
  9 giant cockroaches
  12 goblins
  8 hobgoblins
  19 jackals
  22 kobolds
  7 quokkas
  3 ball pythons
  A frilled lizard (D:1)
  6 rats
  9 toadstools
410 creatures vanquished.

Vanquished Creatures (collateral kills)
  A two-headed ogre (D:8)
  A salamander (shapeshifter) (D:11)
  An ugly thing (D:11)
  A centaur skeleton (D:12)
  An ice beast (D:9)
  A komodo dragon (D:12)
  2 trolls (D:9)
  A hungry ghost (D:9)
  2 orc warriors
  2 ogres
  A centaur (D:12)
  2 gnoll sergeants (D:10)
  A wyvern skeleton (D:11)
  5 killer bees (D:11)
  A wight (D:11)
  2 orc wizards
  An iguana (D:9)
  An adder (D:8)
  3 orcs
  2 goblins
  4 jackals
  A quokka (D:9)
  4 ballistomycete spores
41 creatures vanquished.

Vanquished Creatures (others)
  An orc warrior (D:10)
  9 wandering mushrooms
  A yak (D:9)
  An ogre (D:4)
  A necrophage (D:11)
  4 killer bees (D:11)
  2 wights (D:11)
  A worker ant zombie (D:10)
  A worm (D:2)
  A jackal (D:2)
  2 ballistomycetes (D:10)
  3 ballistomycete spores
  A plant (D:6)
  330 toadstools
358 creatures vanquished.

Grand Total: 809 creatures vanquished

Notes
Turn   | Place    | Note
-------+----------+-------------------------------------------
     0 | D:1      | M4edhros the Octopode Artificer began the quest for the Orb.
     0 | D:1      | Reached XP level 1. HP: 13/13 MP: 3/3
    96 | D:1      | Reached XP level 2. HP: 9/18 MP: 4/4
   352 | D:2      | Found a glowing golden altar of the Shining One.
   564 | D:2      | Reached XP level 3. HP: 14/23 MP: 5/5
   590 | D:2      | HP: 1/23 [poisoned by an adder]
  1025 | D:3      | Found an ancient bone altar of Kikubaaqudgha.
  1048 | D:4      | Noticed M4edhros's ghost (weakling OpAr)
  1057 | D:4      | Got a dazzling spear
  1062 | D:3      | Identified the +6 spear of the Equator {venom, MR+ Str+2} (You found it on level 4 of the Dungeon)
  1185 | D:4      | Killed M4edhros's ghost
  1198 | D:4      | Reached XP level 4. HP: 27/28 MP: 6/6
  1212 | D:4      | Reached skill level 1 in Polearms
  1212 | D:4      | Reached skill level 5 in Stealth
  1505 | D:4      | Noticed an ogre
  1524 | D:4      | Reached XP level 5. HP: 21/34 MP: 7/7
  1697 | D:4      | Found a stormy altar of Qazlal.
  1710 | D:4      | Found a shattered altar of Ashenzari.
  1726 | D:4      | Noticed Grinder
  1733 | D:4      | Paralysed by Grinder for 5 turns
  1746 | D:4      | Killed Grinder
  1746 | D:4      | Reached XP level 6. HP: 28/41 MP: 8/8
  1935 | D:4      | Reached XP level 7. HP: 18/45 MP: 9/9
  2340 | D:5      | Entered Level 5 of the Dungeon
  2373 | D:5      | Found a stormy altar of Qazlal.
  2404 | D:5      | Found a staircase to the Ecumenical Temple.
  2420 | Temple   | Entered the Ecumenical Temple
  2652 | Temple   | Became a worshipper of Xom of Chaos
  2746 | Temple   | XOM: silly message
  3426 | Temple   | XOM: silly message
  3586 | Temple   | XOM is BORED!
  3586 | Temple   | XOM: harmless Tloc miscast
  4198 | Temple   | XOM: cloud trail
  4223 | Temple   | XOM is BORED!
  4223 | Temple   | XOM: noise
  4253 | Temple   | XOM: harmless Tloc miscast
  4429 | Temple   | XOM: harmless Erth miscast
  4616 | Temple   | XOM is BORED!
  4616 | Temple   | XOM: medium Conj miscast
  4844 | Temple   | XOM: silly message
  5047 | Temple   | XOM: mild Fire miscast
  5534 | Temple   | XOM: give mutations
  5534 | Temple   | Gained mutation: You occasionally shout uncontrollably at your foes. [Xom's mischief]
  5534 | Temple   | Gained mutation: Potions are less effective at restoring your health. [Xom's mischief]
  5534 | Temple   | Gained mutation: Your mind is acute. (Int +2) [Xom's mischief]
  5534 | Temple   | Gained mutation: You are agile. (Dex +2) [Xom's mischief]
  5567 | Temple   | XOM: harmless Fire miscast
  6465 | Temple   | Fell from the grace of Xom
  6465 | Temple   | Became a worshipper of Fedhas Madash
  7161 | D:2      | Reached * piety under Fedhas
  7171 | D:2      | Found a hide-covered altar of Uskayaw.
  7173 | D:2      | Noticed a hand axe
  7173 | D:2      | Noticed a dagger
  7771 | D:3      | Found a sparkling altar of Nemelex Xobeh.
  8028 | D:5      | Gained mutation: You possess an exceptional clarity of mind. [mutagenic meat]
  8066 | D:5      | Reached XP level 8. HP: 41/52 MP: 10/10
  8115 | D:5      | XOM: 3-stop teleportation journey
  8484 | D:6      | Reached skill level 5 in Polearms
  8502 | D:6      | Reached skill level 1 in Invocations
  8510 | D:6      | Gained mutation: You are resistant to electric shocks. (rElec) [mutagenic meat]
  8512 | D:6      | Lost mutation: You are agile. (Dex +2) [mutagenic meat]
  8513 | D:6      | Gained mutation: One of your tentacles bears a spike. [mutagenic meat]
  8514 | D:6      | Gained mutation: You are partially covered in iridescent scales. (AC +2) [mutagenic meat]
  8697 | D:6      | Found a shattered altar of Ashenzari.
  8840 | D:6      | Gained mutation: Your spells are a little harder to cast, but a little more powerful. [mutagenic meat]
  8841 | D:6      | Lost mutation: You occasionally shout uncontrollably at your foes. [mutagenic meat]
  8936 | D:6      | XOM: mild Summ miscast
  9028 | D:6      | Reached XP level 9. HP: 46/59 MP: 11/11
  9041 | D:6      | Reached skill level 5 in Dodging
  9185 | D:6      | Reached ** piety under Fedhas
  9291 | D:7      | XOM: noise
  9322 | D:7      | Found a snail-covered altar of Cheibriados.
  9387 | D:7      | XOM: polymorph wandering mushroom -> oklob plant
  9508 | D:7      | Found Zin's Purification Station.
  9511 | D:7      | Found a glowing silver altar of Zin.
  9529 | D:7      | Found Doycsif's Distillery.
  9542 | D:7      | Bought 2 potions of heal wounds for 100 gold pieces
  9572 | D:7      | XOM: torment (23/59 hp)
  9871 | D:7      | Found a basalt altar of Yredelemnul.
 10215 | D:7      | XOM: polymorph wandering mushroom -> wandering mushroom
 10245 | D:7      | XOM: mild Erth miscast
 10286 | D:7      | Reached skill level 5 in Fighting
 10311 | D:7      | Reached skill level 5 in Invocations
 10443 | D:7      | Identified Zoonouh's Reference Book on Fiery Necromancy
 10443 | D:7      | XOM: noise
 10540 | D:8      | Noticed a two-headed ogre
 10553 | D:8      | Killed a two-headed ogre
 10755 | D:8      | Noticed a two-headed ogre
 10770 | D:8      | Killed a two-headed ogre
 10770 | D:8      | Reached XP level 10. HP: 54/67 MP: 14/14
 10787 | D:8      | Found a flagged portal.
 10794 | Bailey   | Entered a bailey
 11202 | Bailey   | Lost mutation: Your mind is acute. (Int +2) [potion of mutation]
 11202 | Bailey   | Lost mutation: Your spells are a little harder to cast, but a little more powerful. [potion of mutation]
 11202 | Bailey   | Lost mutation: You are partially covered in iridescent scales. (AC +2) [potion of mutation]
 11202 | Bailey   | Lost mutation: You are resistant to electric shocks. (rElec) [potion of mutation]
 11202 | Bailey   | Lost mutation: You possess an exceptional clarity of mind. [potion of mutation]
 11202 | Bailey   | Lost mutation: One of your tentacles bears a spike. [potion of mutation]
 11202 | Bailey   | Gained mutation: One of your tentacles bears a spike. [potion of mutation]
 11202 | Bailey   | Gained mutation: You possess an exceptional clarity of mind. [potion of mutation]
 11344 | D:8      | Reached *** piety under Fedhas
 11509 | D:8      | XOM: cloud trail
 11590 | D:8      | XOM: mild Conj miscast
 11727 | D:9      | Noticed a two-headed ogre
 11739 | D:9      | Killed a two-headed ogre
 11739 | D:9      | Reached skill level 10 in Stealth
 11894 | D:9      | Reached XP level 11. HP: 65/74 MP: 15/17
 12016 | D:9      | Found an opulent altar of Gozag.
 12019 | D:9      | Found Gozag's Platinum Reserve.
 12034 | D:9      | Noticed a two-headed ogre
 12066 | D:9      | Killed a two-headed ogre
 12076 | D:9      | XOM: mild Fire miscast
 12177 | D:9      | XOM: mild Hex miscast
 12259 | D:9      | XOM: cloud trail
 12470 | D:10     | Entered Level 10 of the Dungeon
 12590 | D:10     | Reached **** piety under Fedhas
 12658 | D:10     | XOM: mild Tmut miscast
 12768 | D:10     | Found a staircase to the Orcish Mines.
 13285 | D:10     | XOM: cloud trail
 13305 | D:10     | Noticed a two-headed ogre
 13318 | D:10     | Killed a two-headed ogre
 13356 | D:10     | XOM: noise
 13646 | D:11     | Reached skill level 10 in Polearms
 13649 | D:11     | Noticed a five-headed hydra
 13655 | D:11     | Noticed a cyclops
 13662 | D:11     | Noticed a purple ugly thing
 13662 | D:11     | Killed a five-headed hydra
 13681 | D:11     | Killed a cyclops
 13814 | D:11     | Killed a purple ugly thing
 13835 | D:11     | XOM: harmless Air miscast
 13875 | D:11     | Reached XP level 12. HP: 59/82 MP: 19/19
 13999 | D:11     | XOM: harmless Fire miscast
 14206 | D:11     | Reached skill level 1 in Shields
 14252 | D:11     | Gained mutation: You are robust. (+10% HP) [mutagenic meat]
 14399 | D:11     | XOM: noise
 14444 | D:11     | XOM: noise
 14832 | D:11     | Reached skill level 10 in Invocations
 14862 | D:11     | Found a staircase to the Lair.
 14915 | D:11     | XOM: mild Air miscast
 15035 | D:11     | Gained mutation: One of your tentacles bears a nasty spike. [mutagenic meat]
 15043 | D:11     | Reached skill level 5 in Evocations
 15243 | D:11     | XOM: mild Tloc miscast
 15574 | D:11     | Lost mutation: You are robust. (+10% HP) [potion of mutation]
 15574 | D:11     | Lost mutation: One of your tentacles bears a nasty spike. [potion of mutation]
 15574 | D:11     | Gained mutation: Your mind is acute. (Int +2) [potion of mutation]
 15619 | D:12     | XOM: mild Summ miscast
 15700 | D:12     | You fall through a shaft for 2 floors!
 15726 | D:14     | Noticed a centaur warrior
 15727 | D:14     | Reached ***** piety under Fedhas
 16010 | D:14     | Noticed a centaur warrior
 16053 | D:14     | Killed a centaur warrior
 16376 | D:13     | Noticed a centaur warrior
 16391 | D:13     | Killed a centaur warrior
 16408 | D:13     | Gained mutation: Your muscles are strong. (Str +2) [mutagenic meat]
 16409 | D:13     | Lost mutation: One of your tentacles bears a spike. [mutagenic meat]
 16410 | D:13     | Gained mutation: Your muscles are very strong. (Str +4) [mutagenic meat]
 16455 | D:13     | Noticed a two-headed ogre
 16603 | D:13     | Found a gate to the Vaults.
 16603 | D:13     | Noticed a vault guard
 16700 | D:13     | Killed a vault guard
 16731 | D:13     | Noticed a two-headed ogre
 16746 | D:13     | Killed a two-headed ogre
 16746 | D:13     | Reached XP level 13. HP: 81/88 MP: 21/21
 16870 | D:12     | XOM: 1-stop teleportation journey
 16870 | D:12     | Was forgiven by Xom
 17504 | D:13     | Reached skill level 5 in Shields
 17657 | D:13     | Noticed jotwebe's ghost (journeyman MiGl)
 17840 | Orc:1    | Entered Level 1 of the Orcish Mines
 17954 | Orc:1    | Found a dark tunnel.
 18166 | Volcano  | Entered a volcano
 18350 | Volcano  | Killed from afar by a lava snake

Vault maps used:
D:1:      dpeg_arrival_chambers_temple_mockup
D:2:      dancing_weapons_uskayaw, tso_altar
D:3:      marbit_many_paths, lemuel_crystal_altar, minmay_misc_feat_rows
D:4:      overflow_temple_1_default, nicolae_overflow_crystal_walls,
          uniq_grinder
D:5:      minmay_temple_entry_mist, first_bread,
          nicolae_qazlal_general_emergency
D:6:      cheibrodos_two_vegetables, basic_altar
D:7:      lemuel_round_altar, overflow_temple_1_default, zin_purify,
          serial_shops, nicolae_shop_statue_plus
D:8:      enter_bailey_3
D:9:      minmay_bloctagon, nicolae_gozag_zags_fifth_avenue
D:10:     kennysheep_orc_monster_closet_entryway
D:11:     regret_index_bee_streams, lair_entry_dummy
D:13:     david_vaults_5, hangedman_little_slice_of_home
D:14:     dragon1_lemuel, glass_columns_b
Temple:   nicolae_temple_figure_eight
Orc:1:    enter_volcano_4, uniq_urug
Bailey:   bailey_axe_1, bailey
Volcano:  volcano_lake

Skill      XL: |  1  2  3  4  5  6  7  8  9 10 11 12 13 |
---------------+----------------------------------------+-----
Stealth        | 3 4 5 6 7 8 9 10 11 | 11.1
Polearms       | 2 3 4 6 7 8 10 11 | 11.6
Fighting       | 2 3 4 5 6 7 8 |  8.6
Dodging        | 3 4 5 6 7 8 |  8.4
Invocations    | 3 6 8 9 10 11 | 11.2
Evocations     | 5 6 |  6.6
Shields        | 4 5 |  5.1
Short Blades   | |  1.0

Action                   |  1- 3 |  4- 6 |  7- 9 | 10-12 | 13-15 || total
-------------------------+-------+-------+-------+-------+-------++-------
Melee: Short sword       |    41 |       |       |       |       ||    41
       Constrict         |    11 |     4 |    45 |    85 |    19 ||   164
       Tentacles         |     4 |     5 |    44 |   130 |    52 ||   235
       Spear             |    10 |    27 |   289 |   694 |   186 ||  1206
       Kick              |       |       |    44 |   195 |       ||   239
Invok: Fungal Bloom      |       |       |    20 |    59 |     8 ||    87
       Evolution         |       |       |     4 |     7 |       ||    11
       Sunlight          |       |       |     1 |     3 |       ||     4
       Reproduction      |       |       |       |     5 |       ||     5
Evoke: Wand              |     5 |    11 |     8 |    56 |       ||    80
       Sack of spiders   |       |       |       |     1 |       ||     1
  Use: Scroll            |       |     8 |     5 |    17 |     4 ||    34
       Potion            |       |       |       |     7 |       ||     7
 Stab: Sleeping          |     6 |       |    27 |    32 |    12 ||    77
       Distracted        |       |       |       |     7 |       ||     7
       Petrified         |       |       |       |     2 |       ||     2
       Confused          |       |       |       |    16 |       ||    16
       Petrifying        |       |       |       |     1 |       ||     1
  Eat: Chunk             |       |     3 |    17 |    14 |     4 ||    38
       Bread ration      |       |       |     2 |     4 |       ||     6
       Meat ration       |       |       |     2 |       |       ||     2
       Royal jelly       |       |       |     2 |     1 |       ||     3
Armor: Skin              |     2 |       |    10 |    14 |       ||    26
Dodge: Dodged            |    33 |    12 |   135 |   333 |    70 ||   583
Block: Shield            |       |       |       |   123 |    54 ||   177
